 Dungeon Crawl Stone Soup version 0.30-a0-297-g0ec75d9ef4 (webtiles) character file.

Game seed: 3399136923025230688

30 MrRokkomies the Sneak (level 3, 0/33 HPs)
             Began as an Armataur Delver on Oct 19, 2022.
             Slain by a gnoll
             ... wielding a +0 flail
              (10 damage)
             ... on level 2 of the Dungeon.
             The game lasted 00:02:26 (557 turns).

MrRokkomies the Sneak (Armataur Delver)              Turns: 557, Time: 00:02:26

Health: 0/33       AC:  4    Str: 17    XL:     3   Next: 3%
Magic:  3/3        EV:  9    Int: 10    God:
Gold:   37         SH:  0    Dex: 13    Spells: 2/2 levels left

rFire   . . .      SeeInvis .    a - +0 mace
rCold   . . .      Faith    .    (no shield)
rNeg    . . .      Spirit   .    b - +0 leather armour
rPois   .          Reflect  .    (no helmet)
rElec   .          Harm     .    (no cloak)
rCorr   .          Roll     +    (no gloves)
Will    .....                    (no barding)
Stlth   +++.......               (no amulet)
HPRegen 0.25/turn                (no ring)
MPRegen 0.08/turn                (no ring)

@: no status effects
A: large, rugged brown scales 3, deformed body, armoured tail, roll, long
tongue, awkward tongue
a: no special abilities


You were on level 2 of the Dungeon.
You visited 1 branch of the dungeon, and saw 4 of its levels.

You collected 37 gold pieces.

Inventory:

Hand Weapons
 a - a +0 mace (weapon)
 i - a +0 rapier
Armour
 b - a +0 leather armour (worn)
Wands
 g - a wand of digging (3)
Scrolls
 c - a scroll of fog
 d - a scroll of magic mapping
 e - 2 scrolls of fear
 h - a scroll of immolation {unknown}
 j - a scroll of teleportation {unknown}
Potions
 f - a potion of haste
 k - a potion of invisibility {unknown}


   Skills:
 * Level 3.2 Fighting
 - Level 1.7 Maces & Flails
 * Level 2.0 Armour
 + Level 1.7 Dodging
 - Level 5.4 Stealth


You had 2 spell levels left.
You didn't know any spells.
Your spell library was empty.

Dungeon Overview and Level Annotations

Branches:
Dungeon (5/15)
 Temple: D:4-7

Altars:
Yredelemnul


Innate Abilities, Weirdness & Mutations

You are completely covered in rugged brown scales. (AC +3, +7% HP)
Armour fits poorly on your strangely shaped body.
You have a long armoured tail.
You roll when moving toward enemies. (Rampage)
Your long tongue fully drains potion bottles. (2x potion effects)
Your tongue gives you trouble enunciating. (1.5x scroll delay)


Message History

Increase (S)trength, (I)ntelligence, or (D)exterity?
You feel agile. x2
You aren't carrying any pieces of jewellery.
You start resting.
HP restored.
You now have 37 gold pieces (gained 10).
A kobold comes into view. It is wielding a +0 club.
Found an orange potion.
You hit the kobold.
The kobold is moderately wounded.
The kobold hits you but does no damage.
You hit the kobold.
You kill the kobold!
No target in view!
No target in view!
No target in view!
k - an orange potion A ball python comes into view.
The helpless ball python fails to defend itself.
You sock the ball python!
You kill the ball python!
No target in view!
No target in view!
e - 2 scrolls of fear (gained 1)
A gnoll is nearby!
The gnoll shouts!
You roll towards the gnoll!
You hit the gnoll.
The gnoll is lightly wounded.
The gnoll hits you with a +0 flail.
You hit the gnoll.
The gnoll is moderately wounded.
The gnoll barely misses you.
You barely miss the gnoll.
The gnoll is moderately wounded.
The gnoll hits you with a +0 flail!
You hit the gnoll but do no damage.
The gnoll is moderately wounded.
The gnoll hits you with a +0 flail! x2
You die...

....... . .....#.# #...
....... ######+#+####...
.......###...........##...
...........# ........##...
...........##......†.##...
...........##.............
#....##.............
#....##.............
#..@.##.............
####g##.............
#....g...........
####.............
#.............
######........ #........
#........ #########


You could see a gnoll.

Vanquished Creatures
  2 adders
  A dart slug (D:2)
  An orc (D:5)
  A goblin (D:2)
  A quokka (D:2)
  A ball python (D:2)
  A kobold (D:2)
  3 rats
11 creatures vanquished.

Notes
Turn   | Place    | Note
-------+----------+-------------------------------------------
     0 | D:5      | MrRokkomies the Armataur Delver began the quest for the
                  | Orb.
     0 | D:5      | Reached XP level 1. HP: 19/19 MP: 1/1
    88 | D:5      | Reached skill level 1 in Armour
    88 | D:5      | Reached XP level 2. HP: 25/27 MP: 2/2
    98 | D:5      | Found a basalt altar of Yredelemnul.
   246 | D:3      | Noticed a phantom
   458 | D:2      | Reached XP level 3. HP: 21/33 MP: 3/3
   557 | D:2      | Slain by a gnoll

Illustrated notes

Levels and vault maps discovered:
D:2:      layout_basic
D:3:      layout_loops_corners, uniq_crazy_yiuf_cottage, uniq_robin
D:4:      minmay_bubble_buster, layout_loops_cross, grunt_gozag_statues,
          nicolae_overflow_crystal_walls, nicolae_ossuary_entry_giza,
          corexii_corridor_pit
D:5:      layout_rooms, mainiacjoe_overflow_six_doors_small,
          jmf_multi_god_temple, serial_shops, shop

Skill      XL: |  1  2 |
---------------+-------+-----
Fighting       | 3 |  3.2
Armour         | 1 2 |  2.0
Maces & Flails | |  1.7
Dodging        | |  1.7
Stealth        | |  5.4

Action                   || total
-------------------------++-------
Melee: Mace              ||    33
       Tailslap          ||     4
  Use: Scroll            ||     1
 Stab: Sleeping          ||     1
Armor: Leather armour    ||    16
Dodge: Dodged            ||    15

Table legend: (Time is in decaauts)
 A = Elapsed time spent in this place.
 B = Non-inter-level travel time spent in this place.
 C = Inter-level travel time spent in this place.
 D = Time resting spent in this place.
 E = Time spent auto-exploring this place.
 F = Levels seen in this place.
 G = Mean time per level.
                   A        B        C        D        E       F      G
               +--------+--------+--------+--------+--------+-----+--------+
         Total |    567 |    563 |      4 |    153 |    203 |   4 |  141.8 |
       Dungeon |    567 |    563 |      4 |    153 |    203 |   4 |  141.8 |
               +--------+--------+--------+--------+--------+-----+--------+

Top non-repeatable levels by time:
     D:2: 279 daAuts
     D:3: 162 daAuts
     D:5: 114 daAuts
     D:4: 10 daAuts
